 Dungeon Crawl Stone Soup version 0.28-a0-1182-g381e24db82 (webtiles) character file.

Game seed: 7443278573421757507

97 ChaosChampion the Insei (level 4, -1/28 HPs)
             Began as an Octopode Transmuter on Dec 17, 2021.
             Slain by Ijyb (7 damage)
             ... on level 3 of the Dungeon.
             The game lasted 00:03:12 (3076 turns).

ChaosChampion the Insei (Octopode Transmuter)       Turns: 3076, Time: 00:03:12

Health: -1/28      AC: -2    Str:  9    XL:     4   Next: 68%
Magic:  4/7        EV: 19    Int: 17    God:
Gold:   137        SH:  0    Dex: 17    Spells: 1/7 levels left

rFire   . . .      SeeInvis .     - Unarmed
rCold   . . .      Faith    .   (shield currently unavailable)
rNeg    . . .      Spirit   .   (helmet currently unavailable)
rPois   x          Reflect  .   (no amulet)
rElec   .          Harm     .   (no ring)
rCorr   .          Rampage  .   (no ring)
Will    .....                   (no ring)
Stlth   ++........              (no ring)
HPRegen 0.09/turn               (no ring)
MPRegen 0.10/turn               (no ring)
                                (no ring)
                                (no ring)

@: spider-form, corroded
A: venomous fangs, almost no armour, (amphibious), 8 rings, tiny, (camouflage
1), (gelatinous body 1), (nimble swimmer 1), (tentacles)
a: End Transformation


You were on level 3 of the Dungeon.
You were a venomous arachnid creature.
You visited 1 branch of the dungeon, and saw 3 of its levels.

You collected 137 gold pieces.

Inventory:

Armour
 d - a +2 hat (melded)
Scrolls
 a - 2 scrolls of teleportation {unknown}
 c - a scroll of identify {unknown}
 e - a scroll of torment {unknown}
 g - a scroll of magic mapping {unknown}
 h - a scroll of summoning {unknown}
 j - a scroll of amnesia {unknown}
 l - a scroll of fear {unknown}
Potions
 b - a potion of heal wounds {unknown}
 f - a potion of haste {unknown}
 i - a potion of lignification {unknown}
 k - a potion of flight {unknown}


   Skills:
 - Level 1.0 Fighting
 - Level 2.0 Dodging
 * Level 4.7 Unarmed Combat
 - Level 2.0 Spellcasting
 + Level 3.0 Transmutations


You had one spell level left.
You knew the following spells:

 Your Spells              Type           Power      Damage    Failure   Level
a - Beastly Appendage     Tmut           24%        N/A       16%         1
b - Wereblood             Tmut           12%        N/A       22%         2
c - Spider Form           Tmut/Pois      6%         N/A       52%         3

Your spell library contained the following spells:

 Spells                   Type           Power      Damage    Failure   Level
 Call Canine Familiar     Summ           1%         N/A       71%         3
 Gell's Gravitas          Tloc           1%         N/A       71%         3
 Inner Flame              Hex/Fire       1%         N/A       71%         3
 Lesser Beckoning         Tloc           1%         N/A       71%         3
 Portal Projectile        Hex/Tloc       2%         N/A       71%         3
 Teleport Other           Tloc           1%         N/A       71%         3
 Ice Form                 Ice/Tmut       6%         N/A       87%         4
 Cause Fear               Hex            0%         N/A       96%         4
 Leda's Liquefaction      Hex/Erth       0%         N/A       96%         4
 Discord                  Hex            0%         N/A       100%        8


Dungeon Overview and Level Annotations

Branches:
Dungeon (3/15)

Altars:

Annotations:
D:3 Ijyb


Innate Abilities, Weirdness & Mutations

You are a venomous arachnid creature.
You have poisonous fangs.
You are tiny and dextrous.
Your spellcasting is less reliable in this form.
Your armour is entirely melded.
You are incapable of wielding weapons or throwing items.
You cannot wear most types of armour.
((You are amphibious.))
You can wear up to eight rings at the same time.
((Your skin changes colour to match your surroundings (Stealth+).))
((Your rubbery body absorbs attacks. (AC +1, EV +1)))
((You are camouflaged near water. (Stealth+)))
((You have tentacles for arms and can constrict up to eight enemies at once.))


Message History

The adder is moderately wounded.
The adder bites you.
You barely miss the adder.
The adder is moderately wounded.
The adder bites you but does no damage.
You bite the adder!
You kill the adder!
No target in view!
Your transformation is almost over.
Your magical contamination has completely faded away.
Your transformation has ended.
Your +2 hat unmelds from your body.
l - a scroll labelled NOFUWY HILIOGU
Found a dagger.
Found a short sword.
Ijyb the Twisted Goblin comes into view.
She is wielding a +0 club and carrying a wand of acid (3).
Ijyb is nearby!
Ijyb is nearby!
Ijyb is nearby!
Press: ? - help, v - describe, . - travel
Here: Ijyb, wielding a +0 club, wearing a +0 leather armour and carrying a wand of acid (3) (asleep)
The floor.
Unknown command.
Casting: Spider Form (extremely dangerous; 30% risk of failure)
Confirm with . or Enter, or press ? or * to list all spells.
The spell is extremely dangerous to miscast (30% risk of failure)!
Continue anyway?
You turn into a venomous arachnid creature.
Your +2 hat melds into your body.
Ijyb zaps a wand.
The bolt of acid misses you.
You hit Ijyb but do no damage.
Ijyb is poisoned.
Ijyb hits you with a +0 club.
You bite Ijyb!
Ijyb is moderately wounded.
Ijyb zaps a wand.
The bolt of acid hits you!
Ouch! That really hurt!
* * * LOW HITPOINT WARNING * * *
The acid corrodes you!
You hit Ijyb.
Ijyb looks as sick as possible!
Ijyb is heavily wounded.
Ijyb hits you with a +0 club!
You die...

..).# #.# #...#####
#.#
..........#####.#####
#...###.#...........#
#...# ######.#.##.#
#...# #.###.#.##
....# # #.# ##...#
#..## .# ## ##.##.#
#†..##.# ### #s## #
#.....###......g##
#...##.#.######.
............# #.
.|......###.# #.
#..########.###.#
#..# #........# #..#
#.#####..# #..#####.#
.#


You could see Ijyb (extremely poisoned).

Vanquished Creatures
  3 adders
  A worm (D:2)
  3 dart slugs
  2 orcs (D:3)
  4 endoplasms
  7 goblins
  7 hobgoblins
  5 kobolds
  4 quokkas
  7 ball pythons
  2 bats
  5 frilled lizards
  8 rats
58 creatures vanquished.

Notes
Turn   | Place    | Note
-------+----------+-------------------------------------------
     0 | D:1      | ChaosChampion the Octopode Transmuter began the quest for
                  | the Orb.
     0 | D:1      | Reached XP level 1. HP: 13/13 MP: 3/3
   111 | D:1      | Reached XP level 2. HP: 6/18 MP: 5/5
   114 | D:1      | Learned a level 2 spell: Wereblood
  1118 | D:1      | Reached XP level 3. HP: 23/23 MP: 4/6
  1875 | D:2      | Reached skill level 4 in Unarmed Combat
  2098 | D:2      | Learned a level 3 spell: Spider Form
  2539 | D:3      | Reached XP level 4. HP: 27/28 MP: 3/7
  3070 | D:3      | Noticed Ijyb
  3076 | D:3      | Slain by Ijyb

Illustrated notes

Levels and vault maps discovered:
D:1:      dpeg_arrival_long_road, layout_loops_corners
D:2:      layout_basic
D:3:      layout_loops_ring, minmay_fractal_squares_diagonal_5, uniq_ijyb

Skill      XL: |  1  2  3  4 |
---------------+-------------+-----
Unarmed Combat | 4 |  4.7
Transmutations | 3 |  3.0
Fighting       | |  1.0
Dodging        | |  2.0
Spellcasting   | |  2.0

Action                   |  1- 3 |  4- 6 || total
-------------------------+-------+-------++-------
Melee: Unarmed           |    89 |    41 ||   130
       Constrict         |    18 |     6 ||    24
       Tentacles         |     9 |     3 ||    12
       Kick              |    12 |     2 ||    14
       Punch             |     2 |       ||     2
 Cast: Beastly Appendage |    26 |     5 ||    31
       Wereblood         |    18 |     5 ||    23
       Spider Form       |       |     3 ||     3
 Stab: Sleeping          |     4 |     1 ||     5
Armor: Skin              |     3 |     5 ||     8
Dodge: Dodged            |    41 |    19 ||    60

Table legend: (Time is in decaauts)
 A = Elapsed time spent in this place.
 B = Non-inter-level travel time spent in this place.
 C = Inter-level travel time spent in this place.
 D = Time resting spent in this place.
 E = Time spent auto-exploring this place.
 F = Levels seen in this place.
 G = Mean time per level.
                   A        B        C        D        E       F      G
               +--------+--------+--------+--------+--------+-----+--------+
         Total |   3066 |   3028 |     38 |      0 |   2578 |   3 | 1022.0 |
       Dungeon |   3066 |   3028 |     38 |      0 |   2578 |   3 | 1022.0 |
               +--------+--------+--------+--------+--------+-----+--------+

Top non-repeatable levels by time:
     D:1: 1579 daAuts
     D:2: 872 daAuts
     D:3: 614 daAuts
